 Dungeon Crawl Stone Soup version 0.21-a0-440-g28109cb (webtiles) character file.

14156 mortelune the Severer (level 11, -8/93 HPs)
             Began as a Minotaur Fighter on Nov 11, 2017.
             Was a Priest of Hepliaklqana.
             Mangled by a skeletal warrior
             ... wielding a +0 flail
             ... led by a skeletal warrior
              (15 damage)
             ... on level 12 of the Dungeon.
             The game lasted 00:36:29 (11151 turns).

mortelune the Severer (Minotaur Fighter)           Turns: 11151, Time: 00:36:30

Health: -8/93      AC: 19    Str: 29    XL:     11   Next: 85%
Magic:  19/19      EV:  8    Int:  5    God:    Hepliaklqana [***...]
Gold:   547        SH:  0    Dex: 13    Spells: 10/10 levels left

rFire    . . .     SeeInvis +   Z - +2 battleaxe (venom)
rCold    . . .     Gourm    +   (shield currently unavailable)
rNeg     . . .     Faith    .   x - +0 plate armour
rPois    .         Spirit   .   (helmet restricted)
rElec    .         Reflect  .   C - +0 cloak
rCorr    +         Harm     .   t - +0 pair of gloves
MR       .....                  A - +0 pair of boots
Stlth    ..........             y - amulet of the gourmand
HPRegen  0.25/turn              F - ring "Siloddoz" {rCorr *Drain MP+9 Str+5 Dex+3}
MPRegen  0.16/turn              E - ring of see invisible

@: drained
A: retaliatory headbutt, reduced essence, horns 2
a: Recall Ancestor, Ancestor Identity, Transference, Renounce Religion


You were on level 12 of the Dungeon.
You worshipped Hepliaklqana.
Hepliaklqana was most pleased with you.
You were hungry.

You visited 1 branch of the dungeon, and saw 12 of its levels.

You collected 647 gold pieces.
You spent 100 gold pieces at shops.

Inventory:

Hand Weapons
 a - a +0 war axe
 v - a +2 whip of venom
 D - a +1 vampiric hand axe
 G - a +0 battleaxe
 N - the +4 long sword of the Wary Queens {slice, rElec MR+ Str+5 Int+4}
   (You found it on level 8 of the Dungeon)

   It inflicts extra damage upon your enemies.
   It affects your strength (+5).
   It affects your intelligence (+4).
   It insulates you from electricity.
   It affects your resistance to hostile enchantments.
 R - a +5 war axe
 Z - a +2 battleaxe of venom (weapon)
Armour
 b - a +0 scale mail
 c - a +0 shield
 t - a +0 pair of gloves (worn)
 x - a +0 plate armour (worn)
 A - a +0 pair of boots (worn)
 C - a +0 cloak (worn)
 H - +0 steam dragon scales
Jewellery
 p - an uncursed ring of wizardry
 s - a +5 ring of intelligence
 u - an uncursed ring of flight
 y - an amulet of the gourmand (around neck)
 E - a ring of see invisible (right hand)
 F - the ring "Siloddoz" (left hand) {rCorr *Drain MP+9 Str+5 Dex+3}
   (You found it on level 6 of the Dungeon)

   [ring of resist corrosion]

   It affects your strength (+5).
   It affects your dexterity (+3).
   It affects your magic capacity (+9).
   It causes draining when unequipped.
 S - a cursed -2 ring of intelligence
 X - a +3 ring of protection
Wands
 k - a wand of disintegration (13/24)
 B - a wand of clouds (4/9)
 L - a wand of random effects (19/48)
 Q - a wand of confusion (23/48)
 U - a wand of acid (6/15)
 W - a wand of random effects (16/48)
 Y - a wand of iceblast (7/15)
Scrolls
 j - 3 scrolls of magic mapping
 l - 2 scrolls of remove curse
 m - 3 scrolls of recharging
 n - a scroll of random uselessness {unknown}
 o - 2 scrolls of fear
 q - a scroll of fog {unknown}
 w - 2 scrolls of teleportation
 P - a scroll of enchant armour {unknown}
Potions
 d - 2 potions of might
 e - 3 potions of resistance
 g - a potion of heal wounds
 h - 3 potions of curing
 r - 2 potions of lignification
 I - a potion of brilliance
 J - a potion of haste
 K - a potion of flight {unknown}
 M - 2 potions of agility
 T - 2 potions of cancellation
 V - a potion of berserk rage
Comestibles
 f - 10 bread rations
 i - 2 meat rations
 z - a royal jelly


   Skills:
 + Level 11.9(11.3) Fighting
 * Level 15.5(14.9) Axes
 + Level 11.9(11.3) Armour
 - Level 3.7(3.2) Shields


You had 10 spell levels left.
You didn't know any spells.

Dungeon Overview and Level Annotations

Branches:
Dungeon (12/15)            Temple (0/1) D:5            Lair (0/6) D:11
    Orc: D:9-12

Altars:
Dithmenos
Hepliaklqana
Makhleb
Nemelex Xobeh
Ru
Vehumet
Wu Jian
Zin
The Shining One

Shops:
D:6 !=


Innate Abilities, Weirdness & Mutations

You reflexively headbutt those who attack you in melee.
You have a pair of horns on your head.
Your life essence is reduced to manifest your ancestor. (-10% HP)


Message History

The skeletal warrior hits you but does no damage.
You closely miss the skeletal warrior.
The skeletal warrior is almost destroyed.
Your plate armour prevents you from hitting the skeletal warrior.
Bor hits the skeletal warrior but does no damage.
The skeletal warrior hits you with an enchanted dire flail.
* * * LOW HITPOINT WARNING * * *
You hit the skeletal warrior but do no damage.
Your headbutt misses the skeletal warrior.
The skeletal warrior is almost destroyed.
You hit the skeletal warrior but do no damage.
The skeletal warrior hits you but does no damage.
Bor hits the skeletal warrior with a dagger of draining.
You hit the skeletal warrior but do no damage.
The skeletal warrior is almost destroyed.
You hit the skeletal warrior.
The skeletal warrior hits you with an enchanted dire flail!
* * * LOW HITPOINT WARNING * * *
The skeletal warrior hits you with a flail!
You die...

## #... ... #..
.... #.#
.....#####.#
...........#
...........#
...........#
.......)..@#####..
.........zz.......
.........R........
........)...####..
.. ####....)...#
..# #....)...# #.#
#....)...# #.#
#.....)..# . #.#
#........# ..


You could see the friendly Bor the hexer and 2 skeletal warriors.

Vanquished Creatures
  Erolcha (D:11)
  A hydra (D:11)
  A two-headed ogre (D:9)
  A centaur warrior (D:11)
  Nergalle (D:11)
  A skeletal warrior (D:12)
  An unseen horror (D:10)
  A manticore (D:12)
  An ugly thing (D:12)
  A gargoyle (D:11)
  Psyche (D:9)
  A troll (D:12)
  A hornet (D:10)
  4 slime creatures (D:12)
  6 hippogriffs
  A spriggan (D:9)
  3 wyverns
  A basilisk (D:11)
  A steam dragon (D:6)
  Eustachio (D:4)
  A water moccasin (D:7)
  3 orc warriors
  A sky beast (D:12)
  5 ice beasts
  An eye of draining (D:10)
  2 necrophages
  9 centaurs
  7 bullfrogs
  A water moccasin zombie (D:12)
  2 scorpions
  4 killer bees (D:10)
  4 wights
  3 crimson imps
  5 hounds
  2 quasits
  A bullfrog zombie (D:12)
  11 orc priests
  A bullfrog skeleton (D:12)
  2 jellies
  6 orc wizards
  A centaur skeleton (D:4)
  5 iguanas
  10 worker ants
  A hound zombie (D:4)
  2 hound skeletons
  3 gnolls (D:7)
  10 adders
  A shadow imp (D:7)
  3 oozes
  An adder skeleton (D:7)
  4 worms
  3 dart slugs
  8 leopard geckos
  38 orcs
  2 ball pythons
  10 bats
  4 giant cockroaches
  5 goblins
  9 hobgoblins
  7 jackals
  4 quokkas
  4 frilled lizards
  A jackal zombie (D:6)
  9 kobolds
  A leopard gecko skeleton (D:8)
  10 rats
257 creatures vanquished.

Vanquished Creatures (collateral kills)
  A sky beast (D:10)
  A phantom (D:5)
  A necrophage (D:4)
  An ogre (D:7)
  A big kobold (D:11)
  3 wights
  A crimson imp (D:5)
  2 bullfrog zombies
  An orc wizard (D:6)
  An iguana (D:8)
  2 worker ants
  A worker ant zombie (D:6)
  2 adders (D:3)
  2 shadow imps
  A worm (D:4)
  6 orcs
  A hobgoblin (D:3)
  A kobold (D:11)
  2 leopard gecko zombies (D:5)
  A butterfly (D:5)
32 creatures vanquished.

Vanquished Creatures (others)
  3 hexers
  An ancestor (D:6)
4 creatures vanquished.

Grand Total: 293 creatures vanquished

Notes
Turn   | Place    | Note
-------+----------+-------------------------------------------
     0 | D:1      | mortelune the Minotaur Fighter began the quest for the Orb.
     0 | D:1      | Reached XP level 1. HP: 19/19 MP: 0/0
    27 | D:1      | Reached XP level 2. HP: 27/27 MP: 1/1
    71 | D:1      | Reached skill level 3 in Axes
   232 | D:1      | Reached XP level 3. HP: 33/33 MP: 2/2
   613 | D:2      | Found a shadowy altar of Dithmenos.
   935 | D:2      | Reached XP level 4. HP: 37/40 MP: 3/3
   948 | D:2      | Reached skill level 4 in Axes
  1108 | D:2      | Found a glowing silver altar of Zin.
  1618 | D:3      | Found a hazy altar of Hepliaklqana.
  1644 | D:3      | Became a worshipper of Hepliaklqana the Forgotten
  1986 | D:3      | Found a radiant altar of Vehumet.
  2013 | D:3      | Found a sparkling altar of Nemelex Xobeh.
  2013 | D:3      | Found a burning altar of Makhleb.
  2061 | D:3      | Reached XP level 5. HP: 42/42 MP: 4/4
  2279 | D:3      | Reached skill level 5 in Axes
  2670 | D:4      | Reached skill level 5 in Armour
  2695 | D:4      | Reached skill level 5 in Fighting
  2811 | D:4      | Reached XP level 6. HP: 46/50 MP: 5/5
  2816 | D:4      | Reached * piety under Hepliaklqana
  2841 | D:4      | Reached skill level 6 in Axes
  3081 | D:4      | Noticed Eustachio
  3137 | D:4      | Killed Eustachio
  3137 | D:4      | Reached XP level 7. HP: 51/55 MP: 6/6
  3496 | D:5      | Entered Level 5 of the Dungeon
  3533 | D:5      | Reached skill level 7 in Axes
  3680 | D:5      | Found a staircase to the Ecumenical Temple.
  3969 | D:6      | Reached skill level 8 in Axes
  3970 | D:6      | Reached XP level 8. HP: 63/63 MP: 7/7
  4435 | D:6      | Got a scorched amber ring
  4437 | D:6      | Identified the ring "Siloddoz" {rCorr *Drain MP+9 Str+5 Dex+3} (You found it on level 6 of the Dungeon)
  4476 | D:6      | Reached skill level 9 in Axes
  4924 | D:6      | Found Buhin's Distillery.
  4934 | D:6      | Bought a potion of haste for 100 gold pieces
  4968 | D:6      | Found Herokk's Jewellery Boutique.
  5144 | D:6      | Reached ** piety under Hepliaklqana
  5145 | D:6      | Remembered your ancestor Bor as a hexer
  5424 | D:7      | Reached skill level 10 in Axes
  5448 | D:7      | Reached XP level 9. HP: 71/72 MP: 8/8
  5799 | D:8      | Reached skill level 11 in Axes
  6345 | D:8      | Found a sacrificial altar of Ru.
  6412 | D:8      | Found an ornate altar of the Wu Jian Council.
  6549 | D:8      | Got an ancient long sword
  6550 | D:8      | Identified the +4 long sword of the Wary Queens {slice, rElec MR+ Str+5 Int+4} (You found it on level 8 of the Dungeon)
  6597 | D:9      | Reached skill level 12 in Axes
  6813 | D:9      | Noticed a two-headed ogre
  6818 | D:9      | Reached XP level 10. HP: 65/81 MP: 9/9
  6826 | D:9      | Killed a two-headed ogre
  7211 | D:9      | Reached *** piety under Hepliaklqana
  7236 | D:9      | Noticed Psyche
  7250 | D:9      | Killed Psyche
  7532 | D:10     | Entered Level 10 of the Dungeon
  7554 | D:10     | Noticed an unseen horror
  7556 | D:10     | Killed an unseen horror
  7556 | D:10     | Reached skill level 10 in Fighting
  7556 | D:10     | Reached skill level 10 in Armour
  7585 | D:10     | Reached skill level 13 in Axes
  7828 | D:10     | Found a glowing golden altar of the Shining One.
  8553 | D:11     | Noticed Erolcha
  8561 | D:11     | Killed Erolcha
  8561 | D:11     | Reached XP level 11. HP: 90/90 MP: 10/10
  8600 | D:11     | Noticed Nergalle
  8627 | D:11     | Killed Nergalle
  8627 | D:11     | Reached skill level 14 in Axes
  8919 | D:11     | Noticed a centaur warrior
  8933 | D:11     | Killed a centaur warrior
  9583 | D:11     | Noticed a six-headed hydra
  9600 | D:11     | Killed a six-headed hydra
  9716 | D:11     | Found a staircase to the Lair.
 10133 | D:11     | Reached **** piety under Hepliaklqana
 10407 | D:12     | Noticed a white ugly thing
 10413 | D:12     | Killed a white ugly thing
 10413 | D:12     | Reached skill level 15 in Axes
 10624 | D:12     | HP: 4/91 [manticore (2)]
 11086 | D:12     | Noticed a skeletal warrior
 11098 | D:12     | Killed a skeletal warrior
 11134 | D:12     | Noticed a skeletal warrior
 11136 | D:12     | Noticed a skeletal warrior
 11143 | D:12     | HP: 1/93 [skeletal warrior/enchanted dire flail (13)]
 11151 | D:12     | Mangled by a skeletal warrior

Vault maps used:
D:1:      dpeg_arrival_simpleton_a, solitary_fountain, kennysheep_nondescript,
          minmay_hexomino_p4
D:2:      marbit_many_paths, grunt_dithmenos_smoke, minmay_misc_feat_doors,
          minivault_25
D:3:      lemuel_doored_altar, overflow_temple_1_default,
          gammafunk_temple_overflow_statue
D:4:      uniq_eustachio
D:5:      minmay_temple_entry_butterflies, first_bread
D:6:      serial_shops, shop, shop
D:8:      lemuel_crystal_altar, nicolae_overflow_hidden_temple
D:9:      the_bakery, uniq_psyche
D:10:     tso_altar
D:11:     lair_entry_dummy, uniq_nergalle, uniq_erolcha
D:12:     david_orc_4, hangedman_ru_absence, uniq_josephine

Skill      XL: |  1  2  3  4  5  6  7  8  9 10 11 |
---------------+----------------------------------+-----
Axes           | 3 4 5 6 8 10 12 13 15 | 15.5
Fighting       | 4 5 6 7 9 10 11 | 11.9
Armour         | 4 5 6 7 9 10 11 | 11.9
Shields        | |  3.7

Action                   |  1- 3 |  4- 6 |  7- 9 | 10-12 || total
-------------------------+-------+-------+-------+-------++-------
Melee: War axe           |    99 |   109 |       |       ||   208
       Headbutt          |    10 |    19 |    44 |    78 ||   151
       Whip              |       |    54 |    46 |     9 ||   109
       Hand axe          |       |       |    93 |       ||    93
       Battleaxe         |       |       |   115 |   263 ||   378
       Long sword        |       |       |     6 |       ||     6
Invok: Recall Ancestor   |       |       |     1 |       ||     1
       Ancestor Life: He |       |       |     1 |       ||     1
       Idealise          |       |       |       |     1 ||     1
  Use: Scroll            |       |     5 |     4 |     6 ||    15
       Potion            |       |       |       |     4 ||     4
 Stab: Distracted        |       |     1 |       |     3 ||     4
       Confused          |       |       |       |     1 ||     1
  Eat: Chunk             |       |     7 |    10 |    13 ||    30
       Meat ration       |       |       |     1 |       ||     1
       Royal jelly       |       |       |     1 |       ||     1
Armor: Scale mail        |    44 |    58 |       |       ||   102
       Plate armour      |       |    44 |   158 |   202 ||   404
Dodge: Dodged            |    40 |    45 |    74 |   114 ||   273
Block: Shield            |    43 |    87 |    54 |       ||   184

Table legend:
 A = Spawn XP
 B = Non-spawn XP
 C = Spawn XP percentage of total XP
 D = Spawn monster count
 E = Non-spawn monster count
 F = Spawn count percentage of total count
 G = Total turns spent on level
                    A         B        C        D         E        F      G
               +---------+---------+-------+---------+---------+-------+---------
         Total |       0 |   20223 |   0.0 |       0 |     288 |   0.0 | 11151
               +---------+---------+-------+---------+---------+-------+---------
           D:1 |       0 |      54 |   0.0 |       0 |      26 |   0.0 |   613
           D:2 |       0 |      70 |   0.0 |       0 |      24 |   0.0 |   980
           D:3 |       0 |     137 |   0.0 |       0 |      31 |   0.0 |   966
           D:4 |       0 |     561 |   0.0 |       0 |      21 |   0.0 |   937
           D:5 |       0 |     432 |   0.0 |       0 |      14 |   0.0 |   467
           D:6 |       0 |    1238 |   0.0 |       0 |      30 |   0.0 |  1279
           D:7 |       0 |    1061 |   0.0 |       0 |      23 |   0.0 |   546
           D:8 |       0 |    1647 |   0.0 |       0 |      22 |   0.0 |   791
           D:9 |       0 |    2014 |   0.0 |       0 |       9 |   0.0 |   953
          D:10 |       0 |    2216 |   0.0 |       0 |      22 |   0.0 |   907
          D:11 |       0 |    6015 |   0.0 |       0 |      30 |   0.0 |  1962
          D:12 |       0 |    4778 |   0.0 |       0 |      36 |   0.0 |   750
               +---------+---------+-------+---------+---------+-------+---------
